 Dungeon Crawl Stone Soup version 0.31.0-11-ge490571c62 (webtiles) character file.

Game seed: 1517171603286496987

65 qw the Shooter (level 3, -5/20 HPs)
             Began as a Deep Elf Hunter on Feb 5, 2024.
             Slain by Natasha (7 damage)
             ... on level 2 of the Dungeon.
             The game lasted 00:00:18 (976 turns).

qw the Shooter (Deep Elf Hunter)                     Turns: 976, Time: 00:00:19

Health: -5/20      AC:  3    Str: 10    XL:     3   Next: 94%
Magic:  5/5        EV: 12    Int: 13    God:
Gold:   98         SH:  0    Dex: 18    Spells: 2/2 levels left

rFire   . . .        a - +0 shortbow
rCold   . . .        (shield currently unavailable)
rNeg    . . .        c - +0 leather armour
rPois   .            (no helmet)
rElec   .            (no cloak)
rCorr   .            (no gloves)
SInv    .            (no boots)
Will    .....        (no amulet)
Stlth   ++           (no ring)
HPRegen 0.23/turn    (no ring)
MPRegen 0.09/turn

%: no passive effects
@: no status effects
A: no striking features
a: no special abilities


You were on level 2 of the Dungeon.
You visited 1 branch of the dungeon, and saw 2 of its levels.

You collected 98 gold pieces.


   Skills:
 - Level 1.5 Fighting
 + Level 7.4 Ranged Weapons
 - Level 2.4 Dodging
 - Level 1.2 Stealth


You had 2 spell levels left.
You didn't know any spells.
Your spell library was empty.

Inventory:

Hand Weapons
 a - a +0 shortbow (weapon)
Armour
 c - a +0 leather armour (worn)
Scrolls
 b - a scroll of identify
 d - a scroll of blinking {unknown}
Potions
 g - a potion of might

Dungeon Overview and Level Annotations

Branches:
Dungeon (2/15)

Altars:

Annotations:
D:2 Natasha


Message History

Natasha casts a spell at you. The magic dart hits you.
You shoot an arrow. The arrow hits Natasha.
Natasha is moderately wounded.
Natasha misses you.
You shoot an arrow. The arrow hits Natasha!
Natasha is almost dead.
Natasha casts a spell at you. You resist with some effort.
You shoot an arrow. The arrow closely misses Natasha.
Natasha mumbles some strange words.
You shoot an arrow.
The arrow hits Natasha but does no damage.
Natasha is almost dead.
Natasha claws you but does no damage.
You shoot an arrow.
The arrow hits Natasha but does no damage.
Natasha is almost dead.
The cerulean imp hits you but does no damage.
Natasha casts a spell.
Enter note:
Enter note:
973 ||| RETREEEEATING.
The cerulean imp hits you but does no damage.
Enter note: You shoot an arrow.
The arrow closely misses Natasha.
Natasha claws you! The cerulean imp barely misses you.
Enter note:
975 ||| RETREEEEATING.
The cerulean imp hits you but does no damage.
Natasha claws you.
Enter note: You shoot an arrow.
The arrow hits Natasha but does no damage.
Natasha is almost dead.
The cerulean imp hits you but does no damage.
The cerulean imp hits you from afar with a +0 spear.
Natasha claws you!
You die...
Natasha curls up and begins to purr.

#.# #.# #.######.# ##.#...
... ##### #....### ##...##
#....... #.#
##.....####....# #.#
#.......#..55#.#######.#
#..........h.........#.#
#.......#..@.#.#####.#.#
##.....#####.#.#####.#.#
##...## #.#....##.#.#####
#.########.#.##......(.%.#
#.# #...............###.#
#.# #.#####.##.##.#.###.#
#.# #.# #....##<#......
#.# #.# ####.##.%.###.#
#.# #.# #.####.# #.#


You could see Natasha and 2 cerulean imps.

Vanquished Creatures
  Natasha (twice) (D:2)
  2 dart slugs (D:1)
  2 hobgoblins (D:1)
  A ball python (D:2)
  2 bats (D:1)
  A frilled lizard (D:2)
  4 goblins (D:1)
  2 rats (D:1)
16 creatures vanquished.

Notes
Turn   | Place    | Note
-------+----------+-------------------------------------------
     0 | D:1      | qw the Deep Elf Hunter began the quest for the Orb.
     0 | D:1      | Reached XP level 1. HP: 12/12 MP: 3/3
     0 | D:1      | 0 ||| qw: Version: 0.3-a-160-g6735b56
     0 | D:1      | 0 ||| qw: Game counter: 6513
     0 | D:1      | 0 ||| qw: Melee chars always use a shield: true
     0 | D:1      | 0 ||| qw: God list: Okawaru
     0 | D:1      | 0 ||| qw: Allow faded altars: false
     0 | D:1      | 0 ||| qw: Do Orc after clearing Dungeon:15 true
     0 | D:1      | 0 ||| qw: Do second Lair branch before Depths: true
     0 | D:1      | 0 ||| qw: Lair rune preference: random
     0 | D:1      | 0 ||| qw: Goals: Normal
     0 | D:1      | 0 ||| PLANNING D:1-11
   197 | D:1      | Reached skill level 6 in Ranged Weapons
   197 | D:1      | Reached XP level 2. HP: 16/16 MP: 4/4
   726 | D:1      | 726 ||| DROPPING +6 ring of intelligence.
   727 | D:1      | 727 ||| READING scroll labelled UHUVIE DELAMU.
   727 | D:1      | 727 ||| IDENTIFYING pink potion
   728 | D:1      | 728 ||| READING scroll labelled BAAGEC ZOMEWEWY.
   729 | D:1      | 729 ||| READING scroll labelled HEFROMM UTOJE.
   730 | D:1      | 730 ||| DROPPING scroll of butterflies.
   879 | D:2      | Noticed Natasha
   885 | D:2      | Killed Natasha
   886 | D:2      | Reached XP level 3. HP: 20/20 MP: 5/5
   937 | D:2      | Noticed Natasha
   942 | D:2      | Killed Natasha
   943 | D:2      | Reached skill level 7 in Ranged Weapons
   967 | D:2      | Noticed Natasha
   973 | D:2      | 973 ||| RETREEEEATING.
   975 | D:2      | 975 ||| RETREEEEATING.
   975 | D:2      | HP: 5/20 [Natasha (4)]
   976 | D:2      | HP: 2/20 [cerulean imp/+0 spear[Natasha] (4)]
   976 | D:2      | Slain by Natasha

Levels and vault maps discovered:
D:1:      lightli_arrival_lavapool, layout_basic, skrybe_limestone_x
D:2:      layout_loops_ring, uniq_jessica, uniq_natasha

Skill      XL: |  1  2  3 |
---------------+----------+-----
Ranged Weapons | 6 7 |  7.4
Fighting       | |  1.5
Dodging        | |  2.4
Stealth        | |  1.2

Action                     || total
---------------------------++-------
   Fire: Shortbow          ||    59
    Use: Scroll            ||     3
 Armour: Leather armour    ||    15
  Dodge: Dodged            ||    24

Table legend:
 A = Non-vault XP
 B = Vault XP
 C = Vault XP percentage of total XP
 D = Non-vault monster count
 E = Vault monster count
 F = Vault count percentage of total count
                 A         B        C        D         E       F
            +---------+---------+-------+---------+---------+-------
      Total |      58 |      36 |  38.3 |      15 |       1 |   6.2
            +---------+---------+-------+---------+---------+-------
        D:1 |      21 |       0 |   0.0 |      12 |       0 |   0.0
        D:2 |      37 |      36 |  49.3 |       3 |       1 |  25.0
            +---------+---------+-------+---------+---------+-------
